 Dungeon Crawl Stone Soup version 0.24.0-123-gd5b16e6ec5 (webtiles) character file.

Game seed: 1254273301940939343, levelgen mode: deterministic

9340 Peloso the Carver (level 11, 0/97 HPs)
             Began as a Minotaur Fighter on Dec 23, 2019.
             Was a High Priest of Okawaru.
             Slain by a cyan ugly thing (16 damage)
             ... on level 9 of the Dungeon.
             The game lasted 00:22:14 (9380 turns).

Peloso the Carver (Minotaur Fighter)                Turns: 9380, Time: 00:22:15

Health: 0/97       AC: 17    Str: 22    XL:     11   Next: 21%
Magic:  1/3        EV: 11    Int: 12    God:    Okawaru [*****.]
Gold:   673        SH: 15    Dex: 12    Spells: 10/10 levels left

rFire    + . .     SeeInvis .   a - +1 falchion of Zin {antimagic, Int+3}
rCold    . . .     Gourm    .   c - +0 shield
rNeg     . . .     Faith    .   E - +3 chain mail {rF+}
rPois    +         Spirit   .   (helmet restricted)
rElec    .         Reflect  +   D - +0 cloak
rCorr    .         Harm     .   (no gloves)
MR       .....                  (no boots)
Stlth    ..........             u - amulet "Sanefecw" {Reflect rPois Int+4 SH+2}
HPRegen  0.26/turn              (no ring)
MPRegen  0.08/turn              (no ring)

@: heroism, heavily drained
A: retaliatory headbutt, horns 2
a: Heroism, Finesse, Renounce Religion


You were on level 9 of the Dungeon.
You worshipped Okawaru.
Okawaru was extremely pleased with you.
You were hungry.

You visited 1 branch of the dungeon, and saw 9 of its levels.

You collected 673 gold pieces.

Inventory:

Hand Weapons
 a - the +1 falchion of Zin (weapon) {antimagic, Int+3}
   (You found it on level 8 of the Dungeon)

   It reduces the magical energy of the wielder, and disrupts the spells and
   magical abilities of those hit.
   Natural abilities and divine invocations are not affected.
   It affects your intelligence (+3).
 F - the +6 flail of Indomitability {flame, *Drain rF++ rN+ Str+3}
   (You found it on level 8 of the Dungeon)

   It has been specially enchanted to burn those struck by it, causing extra
   injury to most foes and up to half again as much damage against particularly
   susceptible opponents.
   It affects your strength (+3).
   It greatly protects you from fire.
   It protects you from negative energy.
   It causes draining when unequipped.
Armour
 b - a +0 scale mail
 c - a +0 shield (worn)
 i - a +0 chain mail
 x - a +0 plate armour
 D - a +0 cloak (worn)
 E - a +3 chain mail of fire resistance (worn)
Jewellery
 u - the amulet "Sanefecw" (around neck) {Reflect rPois Int+4 SH+2}
   (You found it on level 5 of the Dungeon)

   [amulet of reflection]

   It shields you and reflects attacks.
   It affects your intelligence (+4).
   It protects you from poison.
   It affects your SH (+2).
 C - an uncursed amulet of regeneration {unknown}
Wands
 h - a wand of iceblast (10)
 r - a wand of polymorph (22)
 y - a wand of flame (15)
 z - a wand of enslavement (7)
Scrolls
 e - a scroll of amnesia
 j - 2 scrolls of magic mapping
 k - a scroll of teleportation
 l - a scroll of enchant weapon
 n - a scroll of remove curse
 q - a scroll of blinking
 G - a scroll of noise
Potions
 d - a potion of curing
 m - 2 potions of mutation
 o - a potion of invisibility
 p - 2 potions of ambrosia
 t - a potion of cancellation
 v - a potion of resistance {unknown}
 A - a potion of berserk rage {unknown}
 B - a potion of heal wounds
Miscellaneous
 H - a phantom mirror
 J - a phial of floods
 K - a lightning rod (4/4)
Comestibles
 f - 17 rations


   Skills:
 + Level 9.4(12.4) Fighting
 + Level 12.2(15.1) Long Blades
 + Level 10.0(13.0) Armour
 + Level 3.2(6.5) Dodging
 + Level 1.2(4.6) Stealth
 + Level 10.8(13.8) Shields
 + Level 1.5(0.1) Invocations
 + Level 0.3(0.0) Evocations


You had 10 spell levels left.
You didn't know any spells.
Your spell library contained the following spells:

 Spells                   Type           Power        Failure   Level  Hunger
 Animate Skeleton         Necr           N/A          90%         1    ##.....
 Apportation              Tloc           #.....       90%         1    ##.....
 Confusing Touch          Hex            #.....       90%         1    ##.....
 Magic Dart               Conj           #...         90%         1    ##.....
 Shock                    Conj/Air       #...         90%         1    ##.....
 Summon Small Mammal      Summ           #...         90%         1    ##.....
 Blink                    Tloc           N/A          97%         2    ###....
 Call Imp                 Summ           #.......     97%         2    ###....
 Slow                     Hex            #.......     97%         2    ###....
 Swiftness                Chrm/Air       #.......     97%         2    ###....
 Confuse                  Hex            #.......     99%         3    ####...
 Conjure Flame            Conj/Fire      #.......     99%         3    ####...
 Gell's Gravitas          Tloc           #.........   99%         3    ####...
 Inner Flame              Hex/Fire       #.......     99%         3    ####...
 Mephitic Cloud           Conj/Pois/Air  #.......     99%         3    ####...
 Ozocubu's Armour         Chrm/Ice       #.......     99%         3    ####...
 Recall                   Summ/Tloc      N/A          99%         3    ####...
 Static Discharge         Conj/Air       #.......     99%         3    ####...
 Airstrike                Air            #.........   100%        4    #####..
 Petrify                  Tmut/Erth      #.......     100%        4    #####..
 Lightning Bolt           Conj/Air       #.........   100%        5    ######.
 Metabolic Englaciation   Hex/Ice        #.........   100%        5    ######.
 Yara's Violent Unravell  Hex/Tmut       #.........   100%        5    ######.


Dungeon Overview and Level Annotations

Branches:
Dungeon (9/15)             Temple (0/1) D:5
   Lair: D:8-11         Orc: D:9-12

Altars:
Ashenzari
Elyvilon
Fedhas
Kikubaaqudgha
Okawaru
Qazlal
Xom
Zin
The Shining One


Innate Abilities, Weirdness & Mutations

You reflexively headbutt those who attack you in melee.
You have a pair of horns on your head.


Message History

The cyan ugly thing gurgles horribly!
A hippogriff comes into view.
A centaur warrior comes into view.
A manticore comes into view.
The cyan ugly thing claws you. The cyan ugly thing shocks you!
You see here a large rock.
You gain the combat prowess of a mighty hero.
The cyan ugly thing claws you. The cyan ugly thing shocks you!
You hit the cyan ugly thing.
Your headbutt misses the cyan ugly thing.
The cyan ugly thing is lightly wounded.
The cyan ugly thing claws you. The cyan ugly thing shocks you!
* * * LOW HITPOINT WARNING * * *
You hit the cyan ugly thing but do no damage.
You hit the cyan ugly thing but do no damage.
You headbutt the cyan ugly thing, but do no damage.
The cyan ugly thing claws you.
* * * LOW HITPOINT WARNING * * *
The cyan ugly thing shocks you!
You die...

########################
####............@ucZ......#
......#..##########C#####.#
.######..# #...# .........#
#H..# ..###....# #..C#
#.###..... H###.
........... .. ..
))(........ ### ###
#.########


You could see a cyan ugly thing, a centaur warrior, a cyclops and a bullfrog
skeleton.

Vanquished Creatures
  Harold (D:7)
  A centaur warrior (D:8)
  A two-headed ogre (D:8)
  A cyclops (D:8)
  Maurice (D:8)
  A freezing wraith (D:8)
  A troll (D:8)
  Grinder (D:4)
  2 hippogriffs
  A spriggan (D:8)
  A wraith (D:8)
  Sigmund (D:3)
  Eustachio (D:4)
  A hungry ghost (D:7)
  Menkaure (D:4)
  A water moccasin (D:6)
  5 orc warriors
  2 ice beasts
  2 phantoms
  2 ogres
  2 sky beasts
  A black bear (D:6)
  2 necrophages (D:8)
  2 centaurs
  A crocodile (D:8)
  9 bullfrogs
  2 scorpions (D:8)
  10 killer bees (D:7)
  A wight (D:8)
  A howler monkey (D:6)
  8 crimson imps
  A centaur zombie (D:8)
  A hound (D:8)
  10 orc priests
  3 bullfrog skeletons
  2 jellies
  2 quasits (D:7)
  3 iguanas
  7 worker ants
  Natasha (D:4)
  7 orc wizards
  A killer bee zombie (D:7)
  A hound zombie (D:5)
  2 hound skeletons
  A worker ant zombie (D:6)
  A howler monkey zombie (D:5)
  Robin (D:2)
  7 gnolls
  A howler monkey skeleton (D:4)
  9 adders
  A shadow imp (D:5)
  2 oozes
  An adder zombie (D:7)
  6 worms
  2 dart slugs
  3 leopard geckos
  32 orcs
  8 bats
  4 giant cockroaches
  16 goblins
  6 hobgoblins
  9 jackals
  9 quokkas
  6 frilled lizards
  8 kobolds
  A quokka skeleton (D:4)
  4 rats
246 creatures vanquished.

Notes
Turn   | Place    | Note
-------+----------+-------------------------------------------
     0 | D:1      | Peloso the Minotaur Fighter began the quest for the Orb.
     0 | D:1      | Reached XP level 1. HP: 19/19 MP: 0/0
   207 | D:1      | Reached XP level 2. HP: 26/27 MP: 1/1
   428 | D:1      | Reached XP level 3. HP: 33/33 MP: 2/2
   929 | D:2      | Reached skill level 3 in Long Blades
  1483 | D:2      | Found a stormy altar of Qazlal.
  1572 | D:2      | Noticed Robin
  1583 | D:2      | Killed Robin
  1583 | D:2      | Reached XP level 4. HP: 22/41 MP: 3/3
  1982 | D:3      | Found an iron altar of Okawaru.
  1986 | D:3      | Found a shattered altar of Ashenzari.
  2018 | D:3      | Reached skill level 1 in Dodging
  2028 | D:3      | Noticed Sigmund
  2054 | D:3      | Killed Sigmund
  2054 | D:3      | Reached skill level 4 in Long Blades
  2054 | D:3      | Reached XP level 5. HP: 13/47 MP: 4/4
  2318 | D:3      | Became a worshipper of Warmaster Okawaru
  2494 | D:3      | Found a shimmering altar of Xom.
  2496 | D:3      | Reached skill level 5 in Armour
  2496 | D:3      | Reached XP level 6. HP: 55/55 MP: 5/5
  2499 | D:3      | Found an ancient bone altar of Kikubaaqudgha.
  2605 | D:3      | Reached skill level 5 in Long Blades
  2706 | D:3      | Reached skill level 5 in Fighting
  2983 | D:4      | Noticed Eustachio
  3036 | D:4      | Killed Eustachio
  3036 | D:4      | Reached skill level 5 in Shields
  3036 | D:4      | Reached XP level 7. HP: 52/61 MP: 6/6
  3052 | D:4      | Reached skill level 6 in Long Blades
  3069 | D:4      | Reached * piety under Okawaru
  3161 | D:4      | Noticed Menkaure
  3169 | D:4      | Killed Menkaure
  3408 | D:4      | Noticed Grinder
  3421 | D:4      | Paralysed by Grinder for 3 turns
  3427 | D:4      | Paralysed by Grinder for 4 turns
  3434 | D:4      | Killed Grinder
  3434 | D:4      | Reached skill level 7 in Long Blades
  3523 | D:4      | Reached XP level 8. HP: 39/70 MP: 4/7
  3802 | D:4      | Noticed Natasha
  3821 | D:4      | Killed Natasha
  4177 | D:5      | Entered Level 5 of the Dungeon
  4394 | D:5      | Got a vibrating jade amulet
  4771 | D:5      | Found a staircase to the Ecumenical Temple.
  5141 | D:6      | Reached skill level 8 in Long Blades
  5195 | D:6      | Reached skill level 1 in Stealth
  5230 | D:6      | Reached ** piety under Okawaru
  5421 | D:6      | Reached skill level 9 in Long Blades
  5421 | D:6      | Reached XP level 9. HP: 57/78 MP: 8/8
  5656 | D:6      | Found a glowing golden altar of the Shining One.
  5656 | D:6      | Found a glowing silver altar of Zin.
  5656 | D:6      | Found a white marble altar of Elyvilon.
  5753 | D:7      | Noticed Harold
  5768 | D:7      | Killed Harold
  5768 | D:7      | Reached *** piety under Okawaru
  5907 | D:7      | Reached skill level 10 in Long Blades
  5957 | D:7      | Identified the amulet "Sanefecw" {Reflect rPois Int+4 SH+2}
                  | (You found it on level 5 of the Dungeon)
  6758 | D:7      | Reached XP level 10. HP: 88/88 MP: 9/9
  6862 | D:7      | Reached skill level 1 in Invocations
  7134 | D:8      | Reached **** piety under Okawaru
  7476 | D:8      | Reached skill level 11 in Long Blades
  7771 | D:8      | Noticed a centaur warrior
  7771 | D:8      | Noticed a cyclops
  7784 | D:8      | Killed a centaur warrior
  7784 | D:8      | Reached skill level 10 in Shields
  8118 | D:8      | Reached skill level 12 in Long Blades
  8314 | D:8      | Found a blossoming altar of Fedhas.
  8336 | D:8      | Noticed a two-headed ogre
  8345 | D:8      | Killed a two-headed ogre
  8345 | D:8      | Reached ***** piety under Okawaru
  8345 | D:8      | Reached XP level 11. HP: 65/97 MP: 11/11
  8645 | D:8      | Noticed Maurice
  8653 | D:8      | Killed Maurice
  9157 | D:8      | Identified Spellcraft in Simple Steps
  9163 | D:8      | Got an ebony falchion
  9164 | D:8      | Identified the cursed +1 falchion of Zin {antimagic, Int+3}
                  | (You found it on level 8 of the Dungeon)
  9200 | D:8      | Got an iridescent flail
  9202 | D:8      | Identified the +6 flail of Indomitability {flame, *Drain
                  | rF++ rN+ Str+3} (You found it on level 8 of the Dungeon)
  9324 | D:9      | Reached skill level 10 in Armour
  9369 | D:9      | Noticed a cyan ugly thing
  9371 | D:9      | Noticed a centaur warrior
  9380 | D:9      | Slain by a cyan ugly thing

Levels and vault maps discovered:
D:1:      tarquinn_simple_flora_water_c, layout_loops_corners
D:2:      layout_basic, grunt_qazlal_sundering, st_stairs_14, uniq_robin
D:3:      layout_loops_cross, led_xom_imps, kiku_gazebo_garden_becter,
          grunt_temple_overflow_open, first_ration, uniq_sigmund
D:4:      layout_basic, chequers_garden, uniq_natasha, uniq_menkaure,
          uniq_grinder, uniq_eustachio
D:5:      layout_basic, minmay_temple_entry_metal_lava, kennysheep_dice
D:6:      layout_rooms, good_gods_mini_temple
D:7:      layout_loops_corners, nicolae_overflow_hidden_temple, uniq_harold
D:8:      minmay_the_grid_octo_tiled_octocenter [minmay_the_grid_octo_odd_swirl,
          minmay_the_grid_octo_horde, minmay_the_grid_octo_tetromino_candy,
          minmay_the_grid_octo_teeth,
          minmay_the_grid_octo_prize_ultimate_mussel_roller,
          minmay_the_grid_square_5x5_n_small,
          minmay_the_grid_square_5x5_three_small,
          minmay_the_grid_square_5x5_three, minmay_the_grid_square_5x5_n],
          layout_basic, overflow_temple_1_default, the_bakery, uniq_maurice
D:9:      minmay_blocky_corners, layout_basic, lair_entry_dummy, st_stairs_8

Skill      XL: |  1  2  3  4  5  6  7  8  9 10 11 |
---------------+----------------------------------+-----
Fighting       | 4 5 6 7 9 |  9.4
Shields        | 4 5 6 8 10 | 10.8
Armour         | 4 5 6 7 8 9 10 | 10.0
Long Blades    | 3 4 5 7 9 10 12 | 12.2
Dodging        | 1 2 3 |  3.2
Stealth        | 1 |  1.2
Invocations    | 1 |  1.5
Evocations     | |  0.3

Action                   |  1- 3 |  4- 6 |  7- 9 | 10-12 || total
-------------------------+-------+-------+-------+-------++-------
Melee: Long sword        |   101 |    86 |   444 |   350 ||   981
       Headbutt          |    15 |    11 |    82 |    89 ||   197
       Falchion          |       |       |       |    16 ||    16
Invok: Heroism           |       |       |     6 |     4 ||    10
Evoke: Wand              |       |       |       |     6 ||     6
  Use: Potion            |       |     4 |     1 |     1 ||     6
       Scroll            |       |     4 |     1 |    12 ||    17
  Eat: Chunk             |     2 |     5 |    10 |     6 ||    23
       Ration            |       |       |     1 |     1 ||     2
Armor: Scale mail        |    54 |     4 |       |       ||    58
       Chain mail        |       |    47 |    50 |     7 ||   104
       Plate armour      |       |       |   185 |   119 ||   304
Dodge: Dodged            |    38 |    30 |    79 |    70 ||   217
Block: Shield            |    56 |    35 |   259 |   231 ||   581
       Reflection        |       |       |       |     7 ||     7
       Rpst.: Long sword |     9 |     7 |    21 |    19 ||    56
